 Dungeon Crawl Stone Soup version 0.18-a0-1120-g03bd624 (webtiles) character file.

1094 gorblad the Ducker (level 8, -5/90 HPs)
             Began as a Demonspawn Chaos Knight on Jan 17, 2016.
             Killed by divine providence
             ... invoked by an orc priest
              (10 damage)
             ... on level 5 of the Dungeon.
             The game lasted 00:10:38 (4119 turns).

gorblad the Ducker (Demonspawn Chaos Knight)        Turns: 4119, Time: 00:10:39

Health: -5/90      AC: 24    Str: 22    XL:     8   Next: 9%
Magic:  6/8        EV:  2    Int: 14    God:    Xom [....*.]
Gold:   283        SH:  0    Dex: 12    Spells: 0 memorised, 7 levels left

rFire  + . .     SeeInvis .     v - +0 falchion
rCold  + . .     Gourm    .     (armour currently unavailable)
rNeg   + + +     Faith    .     (no shield)
rPois  +         Spirit   .     (helmet currently unavailable)
rElec  +         Dismiss  .     (cloak currently unavailable)
rCorr  +         Reflect  .     (gloves currently unavailable)
SustAt .         Harm     .     (boots currently unavailable)
MR     +....     NoTele   +     (no amulet)
Stlth  ++++......               (no ring)
                                (no ring)

@: mighty, lethally poisoned (-5 -> -6), tree-form, resistant, very slightly
contaminated, hasted, very quick, somewhat resistant to hostile enchantments,
stealthy
A: (horns 0), (talons 0), (large bone plates 0), (cold resistance 0), magic
resistance 1, nightstalker 1, strong 1
a: Renounce Religion


You were on level 5 of the Dungeon.
You worshipped Xom.
You were a beloved toy of Xom.
You were hungry.
You were a tree.
You visited 1 branch of the dungeon, and saw 5 of its levels.

You collected 283 gold pieces.

Inventory:

Hand Weapons
 a - a +0 falchion of chaos
 v - a +0 falchion (weapon)
Armour
 b - a +2 leather armour (melded)
 o - a +0 helmet
 p - a +0 pair of gloves (melded)
 r - a +0 cloak (melded)
Jewellery
 t - a +5 ring of protection
Wands
 m - a wand of lightning (7/15)
Scrolls
 l - 2 scrolls of amnesia
 u - 2 scrolls of identify
Potions
 e - 2 potions of flight
 i - 2 potions of lignification
 k - a potion of might
 s - 2 potions of magic
Comestibles
 c - 4 bread rations
 g - 3 meat rations
 n - 2 slices of pizza
 w - a beef jerky


   Skills:
 + Level 4.2 Fighting
 + Level 4.1 Long Blades
 + Level 5.4 Armour
 + Level 6.9 Dodging
 + Level 2.6 Stealth


You had 7 spell levels left.
You didn't know any spells.

Dungeon Overview and Level Annotations

Branches:
Dungeon (5/15)
 Temple: D:4-7

Altars:
Dithmenos
Gozag
Nemelex Xobeh
Pakellas
Ru


Innate Abilities, Weirdness & Mutations

((You have a pair of horns on your head.))
((You are partially covered in large bone plates (AC +2, SH +2).))
((Your flesh is cold resistant.))
You are slightly more attuned to the shadows.
((You have sharp toenails.))
You are resistant to hostile enchantments.
Your muscles are strong. (Str +2)


Message History

The orc is heavily wounded.
The orc hits you but does no damage.
You hit the orc but do no damage.
The orc is heavily wounded.
The orc hits you but does no damage.
You barely miss the orc.
The orc is heavily wounded.
Something hits the orc!!
The orc dies!
The orc priest calls down the wrath of Beogh upon you.
Something smites you!
* * * LOW HITPOINT WARNING * * *
The orc hits you but does no damage.
You hit the orc but do no damage.
The orc is heavily wounded.
Something hits the orc priest.
The orc priest mumbles some strange prayers to Beogh against you.
Something smites you!
You die...
Xom howls with laughter!

#.#...'.⌠._P##.....
#.....#.P.P#.'.....
#.....###.#.#..._###.....
###.....# #.#.##..#P.......
........###.#.###.###......
.#>.............#.....#......
...#.....#..<#.#####.#.##^..
#..#....a#####.# #.#.##...
#..#...ahoo♣55.#####.#.#####
#..#...[o#####...........#
#[.......#####.......#.#.###
#.(...5..............+<.....
.........o...............#.#.###
.......###...............#......
.......# ###.........#####......
........ #########..####......
........ ##.##........


You could see a wolf shaped shifter, 2 worker ants, an orc priest, 2 orcs, a
friendly white imp and a friendly shadow imp.

Vanquished Creatures
  The ghost of gorblad the Skirmisher, a novice DsCK of Xom (D:5)
  Grinder (D:3)
  A centaur (D:5)
  3 scorpions
  A centaur skeleton (D:4)
  Ijyb (D:2)
  4 worker ants
  A hell rat (D:4)
  A worker ant zombie (D:5)
  A gnoll (D:1)
  9 adders
  3 oozes
  An adder zombie (D:5)
  3 worms
  2 giant geckos
  3 ball pythons
  3 giant cockroaches
  8 hobgoblins
  6 quokkas
  10 bats
  3 giant newts
  13 goblins
  A jackal zombie (D:5)
  9 kobolds
  3 rats
92 creatures vanquished.

Vanquished Creatures (collateral kills)
  An orc (D:5)
  A bat (D:2)
2 creatures vanquished.

Grand Total: 94 creatures vanquished

Notes
Turn   | Place    | Note
--------------------------------------------------------------
     0 | D:1      | gorblad the Demonspawn Chaos Knight began the quest for the Orb.
     0 | D:1      | Reached XP level 1. HP: 18/18 MP: 1/1
     6 | D:1      | Noticed a swamp worm
     6 | D:1      | Noticed a hog
     7 | D:1      | Noticed a polar bear
    12 | D:1      | Reached skill level 1 in Dodging
   105 | D:1      | XOM: potion effect (experience)
   105 | D:1      | Reached skill level 5 in Armour
   105 | D:1      | Gained mutation: You are slightly more attuned to the shadows. [demonic ancestry]
   105 | D:1      | Reached XP level 2. HP: 21/24 MP: 2/2
   218 | D:1      | Reached XP level 3. HP: 29/29 MP: 3/3
   258 | D:1      | XOM: cast spell 'Hydra Form'
   329 | D:1      | XOM: harmless Pois miscast
   353 | D:1      | XOM: silly message
   668 | D:2      | Noticed Ijyb
   715 | D:2      | XOM: harmless Ice miscast
   730 | D:2      | Killed Ijyb
   730 | D:2      | Gained mutation: You are partially covered in large bone plates (AC +2, SH +2). [demonic ancestry]
   730 | D:2      | Reached XP level 4. HP: 33/35 MP: 4/4
  1044 | D:2      | XOM: silly message
  1064 | D:2      | XOM: silly message
  1196 | D:2      | Reached XP level 5. HP: 32/41 MP: 5/5
  1287 | D:2      | XOM: harmless Tloc miscast
  1296 | D:2      | Reached skill level 5 in Dodging
  1443 | D:2      | XOM: harmless Necr miscast
  1540 | D:3      | XOM: silly message
  1864 | D:3      | Noticed Grinder
  1870 | D:3      | XOM: enchant monster (good)
  1873 | D:3      | XOM: 1-stop teleportation journey
  1892 | D:3      | Paralysed by Grinder for 6 turns
  1902 | D:3      | Killed Grinder
  1902 | D:3      | Reached skill level 1 in Stealth
  1902 | D:3      | Gained mutation: Your flesh is cold resistant. [demonic ancestry]
  1902 | D:3      | Reached XP level 6. HP: 25/48 MP: 6/6
  1932 | D:3      | XOM: give mutations
  1932 | D:3      | Gained mutation: Your muscles are strong. (Str +2) [Xom's grace]
  1932 | D:3      | Gained mutation: You have sharp toenails. [Xom's grace]
  1932 | D:3      | Gained mutation: You have a pair of small horns on your head. [Xom's grace]
  2383 | D:4      | XOM: polymorph hound -> hell rat
  2727 | D:4      | XOM: draining
  2788 | D:4      | Found a sacrificial altar of Ru.
  2841 | D:4      | Found a sparkling altar of Nemelex Xobeh.
  2914 | D:4      | Gained mutation: You have a pair of horns on your head. [demonic ancestry]
  2914 | D:4      | Reached XP level 7. HP: 53/53 MP: 7/7
  2933 | D:4      | XOM: give mutation
  2933 | D:4      | Gained mutation: You are resistant to hostile enchantments. [Xom's grace]
  3002 | D:5      | Entered Level 5 of the Dungeon
  3111 | D:5      | XOM: fake destruction
  3117 | D:5      | XOM: potion effect (berserk rage)
  3121 | D:5      | Reached skill level 6 in Dodging
  3198 | D:5      | Found an opulent altar of Gozag.
  3207 | D:5      | Found an oddly glowing altar of Pakellas.
  3209 | D:5      | Found a shadowy altar of Dithmenos.
  3499 | D:5      | XOM: silly message
  3513 | D:5      | XOM: harmless Summ miscast
  3855 | D:5      | XOM: colour smoke trail
  4049 | D:5      | Noticed gorblad's ghost (novice DsCK)
  4054 | D:5      | XOM: potion effect (heal wounds)
  4056 | D:5      | XOM: summons friendly white imp
  4082 | D:5      | XOM: polymorph orc -> giant newt
  4086 | D:5      | XOM: summons 2 friendly demons
  4089 | D:5      | Paralysed by gorblad's ghost for 2 turns
  4093 | D:5      | XOM: enchant monster (good)
  4099 | D:5      | XOM: enchant monster (good)
  4101 | D:5      | Killed gorblad's ghost
  4101 | D:5      | Reached XP level 8. HP: 31/60 MP: 5/8
  4119 | D:5      | Killed from afar by an orc priest

Vault maps used:
D:1:      onia_arrival_zoo_common, minmay_fountain_box
D:2:      kennysheep_the_goblin_king
D:3:      first_bread, uniq_grinder
D:4:      nicolae_ru_sacrificial_ziggurat, nemelex_deck
D:5:      gammafunk_temple_overflow_forgotten

Action                   |  1- 3 |  4- 6 |  7- 9 || total
-------------------------+-------+-------+-------++-------
Melee: Falchion          |    80 |   223 |   117 ||   420
  Use: Scroll            |     4 |     9 |       ||    13
       Potion            |     2 |       |     6 ||     8
 Stab: Sleeping          |     2 |    11 |     1 ||    14
       Distracted        |     1 |       |       ||     1
       Confused          |     1 |       |       ||     1
       Paralysed         |       |     3 |       ||     3
       Petrifying        |       |     1 |       ||     1
  Eat: Chunk             |       |     7 |     4 ||    11
